 Dungeon Crawl Stone Soup version 0.31-a0-844-gdc52ec4e09 (webtiles) character file.

Game seed: 12367183693582926749

41 lunkers the Ruffian (level 4, -6/35 HPs)
             Began as a Meteoran Shapeshifter on Sept 28, 2023.
             Mangled by a gnoll
             ... wielding a +0 halberd
              (10 damage)
             ... on level 2 of the Dungeon.
             The game lasted 00:01:29 (599 turns).

lunkers the Ruffian (Meteoran Shapeshifter)          Turns: 599, Time: 00:01:29

Health: -6/35      AC:  2    Str: 16    XL:     4   Next: 1%
Magic:  5/5        EV: 12    Int: 11    God:
Gold:   58         SH:  4    Dex: 15    Spells: 3/3 levels left

rFire   . .          .
                       - Unarmed
rCold   . . .        h - +0 buckler
rNeg    . . .        a - +0 animal skin
rPois   .            (helmet currently unavailable)
rElec   .            (cloak currently unavailable)
rCorr   .            (gloves currently unavailable)
SInv    .            (boots currently unavailable)
Will    .....        (no amulet)
Stlth   +            (no ring)
HPRegen 0.25/turn    (no ring)
MPRegen 0.09/turn

%: no passive effects
@: beast-form, glowing
A: beast (slay +2), sense surroundings 1, otherworldly, glowing, explore regen
a: Begin Untransformation


You were on level 2 of the Dungeon.
You were a hulking beast.
You visited 1 branch of the dungeon, and saw 2 of its levels.

You collected 58 gold pieces.

Inventory:

Missiles
 j - 3 curare-tipped darts
Armour
 a - a +0 animal skin (worn)
 e - a scarf of repulsion
 h - a +0 buckler (worn)
Jewellery
 i - an amulet of reflection
Talismans
 c - a beast talisman (active)
 d - a flux talisman
Scrolls
 f - 2 scrolls of identify {unknown}
Potions
 b - a potion of lignification
 g - a potion of curing {unknown}
 k - a potion of resistance {unknown}
 l - a potion of brilliance {unknown}


   Skills:
 - Level 1.1 Fighting
 - Level 2.1 Dodging
 * Level 4.8 Unarmed Combat
 + Level 4.2 Shapeshifting


You had 3 spell levels left.
You didn't know any spells.
Your spell library was empty.

Dungeon Overview and Level Annotations

Branches:
Dungeon (2/15) Zot: 604

Altars:


Innate Abilities, Weirdness & Mutations

You are a hulking beast.
Your limbs bulge with bestial killing power. (Slay +2)
You passively map a small area around you.
You are easily found by Zot.
You glow in the dark.
You regain HP and MP as you explore.


Message History

The gnoll shouts! x3; You hear a shout!
Found a stone staircase leading up.
There are monsters nearby!
A gnoll and a kobold come into view.
The kobold is wielding a +1 dagger of venom.
The gnoll shouts!
There is an open door here.
Things that are here:
a +0 short sword; a stone; a kobold corpse The gnoll barely misses you.
You hit the gnoll but do no damage. The gnoll hits you with a +0 flail.
You hit the gnoll but do no damage. The gnoll hits you with a +0 flail!
* * * LOW HITPOINT WARNING * * *
Okay, then.
You punch the gnoll!
The gnoll is heavily wounded.
Unknown command.
You hit the gnoll.
The gnoll is heavily wounded.
Unknown command.
You hit the gnoll.
The gnoll is severely wounded.
The gnoll hits you with a +0 whip.
* * * LOW HITPOINT WARNING * * *
You hit the gnoll.
The gnoll is almost dead.
The gnoll hits you with a +0 whip!
* * * LOW HITPOINT WARNING * * *
You hit the gnoll.
You kill the gnoll!
You have reached level 4!
You hit the gnoll.
The gnoll is heavily wounded.
The gnoll misses you.
Unknown command.
You hit the gnoll.
The gnoll is severely wounded.
The gnoll closely misses you.
The gnoll hits you from afar with a +0 halberd!
You die...

.#######..##.# , * #.<##.#
####*##.## * #..##.# ,.##..
...# * #..##.##..*#.# #..# *
#.........*#.# #..# , *
##†##.###.##.# ##..# ,
#........##.###...### #
###....######.#.......##K ,
+.....)..hggg.K....g....g.
,,####....######.......#.##.
##.#.# ##..#..##.# # < ###.#
#..##.##.# #.# #..##.##.#
#.# #..##.##.# #.#
#........# * #. #####.#... ,
#.#


You could see 3 gnolls and a kobold.

Vanquished Creatures
  A gnoll (D:2)
  6 ball pythons
  2 endoplasms (D:1)
  A giant cockroach (D:1)
  2 goblins (D:1)
  3 hobgoblins (D:1)
  4 jackals (D:1)
  3 kobolds
  3 bats (D:1)
  3 frilled lizards (D:1)
28 creatures vanquished.

Notes
Turn   | Place    | Note
-------+----------+-------------------------------------------
     0 | D:1      | lunkers the Meteoran Shapeshifter began the quest for the
                  | Orb.
     0 | D:1      | Reached XP level 1. HP: 16/16 MP: 2/2
    41 | D:1      | Reached XP level 2. HP: 20/23 MP: 3/3
   201 | D:1      | Reached XP level 3. HP: 17/28 MP: 4/4
   503 | D:1      | Glimpsed the power of Zot.
   598 | D:2      | Reached XP level 4. HP: 4/35 MP: 5/5
   599 | D:2      | Mangled by a gnoll

Illustrated notes

Levels and vault maps discovered:
D:1:      dpeg_arrival_arbitrary_a, layout_loops_ring, glass_columns_a
D:2:      layout_loops_corners, minmay_hexomino_r4

Skill      XL: |  1  2 |
---------------+-------+-----
Unarmed Combat | 4 |  4.8
Shapeshifting  | 4 |  4.2
Fighting       | |  1.1
Dodging        | |  2.1

Action                     |  1- 3 |  4- 6 || total
---------------------------+-------+-------++-------
  Melee: Unarmed           |    63 |     2 ||    65
 Armour: Animal skin       |    22 |     1 ||    23
  Dodge: Dodged            |    45 |     2 ||    47
  Block: Buckler           |     2 |       ||     2

Table legend: (Time is in decaauts)
 A = Elapsed time spent in this place.
 B = Non-inter-level travel time spent in this place.
 C = Inter-level travel time spent in this place.
 D = Time resting spent in this place.
 E = Time spent auto-exploring this place.
 F = Levels seen in this place.
 G = Mean time per level.
                   A        B        C        D        E       F      G
               +--------+--------+--------+--------+--------+-----+--------+
         Total |    594 |    575 |     19 |      0 |    384 |   2 |  297.0 |
       Dungeon |    594 |    575 |     19 |      0 |    384 |   2 |  297.0 |
               +--------+--------+--------+--------+--------+-----+--------+

Top non-repeatable levels by time:
     D:1: 530 daAuts
     D:2: 64 daAuts
